 Dungeon Crawl Stone Soup version 0.31-a0-145-g046c7d2549 (webtiles) character file.

Game seed: 4401177745418778843

31 2FriedEggs the Slasher (level 3, 0/26 HPs)
             Began as an Octopode Berserker on June 7, 2023.
             Was a Follower of Trog.
             Slain by an adder (2 damage)
             ... on level 2 of the Dungeon.
             The game lasted 00:00:51 (747 turns).

2FriedEggs the Slasher (Octopode Berserker)          Turns: 747, Time: 00:00:51

Health: 0/26       AC:  1    Str: 16    XL:     3   Next: 22%
Magic:  3/3        EV: 14    Int:  9    God:    Trog [*.....]
Gold:   37         SH:  0    Dex: 13    Spells: 2/2 levels left

rFire   . . .        a - +0 falchion
rCold   . . .        (no shield)
rNeg    . . .        (helmet restricted)
rPois   .            (no amulet)
rElec   .            (no ring)
rCorr   .            (no ring)
SInv    .            (no ring)
Will    .....        (no ring)
Stlth   ++           (no ring)
HPRegen 0.24/turn    (no ring)
MPRegen 0.08/turn    (no ring)
                     (no ring)

%: no passive effects
@: lethally poisoned (0 -> 0)
A: almost no armour, amphibious, 8 rings, camouflage 1, gelatinous body 1,
(nimble swimmer 1), tentacles
a: Renounce Religion, Berserk


You were on level 2 of the Dungeon.
You worshipped Trog.
Trog was aware of your devotion.
You visited 1 branch of the dungeon, and saw 2 of its levels.

You collected 37 gold pieces.

Inventory:

Hand Weapons
 a - a +0 falchion (weapon)
Armour
 e - an orb of guile
Jewellery
 b - a +4 ring of protection
Scrolls
 c - 2 scrolls of identify {unknown}
 d - a scroll of enchant armour {unknown}


   Skills:
 - Level 3.0 Fighting
 * Level 3.9 Long Blades
 + Level 3.4 Dodging


You had 2 spell levels left.
You didn't know any spells.
Your spell library was empty.

Dungeon Overview and Level Annotations

Branches:
Dungeon (2/15)

Altars:


Innate Abilities, Weirdness & Mutations

You cannot wear most types of armour.
You are amphibious.
You can wear up to eight rings at the same time.
Your skin changes colour to match your surroundings (Stealth+).
Your rubbery body absorbs attacks. (AC +1, EV +1)
((You are camouflaged when in or above water. (Stealth+)))
You have tentacles for arms and can constrict up to eight enemies at once.


Message History

The endoplasm moves out of view.
Found a short sword.
The adder hisses angrily.
Found a scroll labelled RAIBRAT NUMERPH.
You closely miss the adder. Your grab misses the adder. The adder misses you.
The adder bites you.
You closely miss the adder. Your grab misses the adder.
Your squeeze misses the adder. The adder barely misses you.
The adder closely misses you.
You closely miss the adder. You grab the adder. You constrict the adder.
The adder bites you. x3
You are poisoned.
The adder poisons you!
There are monsters nearby!
You hit the adder.
The adder is heavily wounded.
You constrict the adder.
You feel sick. The adder barely misses you. The adder closely misses you.
The adder misses you. The endoplasm hits you.
You hit the adder. You squeeze the adder.
You kill the adder!
Trog accepts your kill.
You feel sick. The adder barely misses you. The endoplasm misses you.
The adder barely misses you.
You have reached level 3!
Your experience leads to an increase in your attributes!
Increase (S)trength, (I)ntelligence, or (D)exterity?
You feel agile. x2
You closely miss the adder. Your grab misses the adder. You squeeze the adder.
The adder is lightly wounded.
You feel sick. The adder bites you.
* * * LOW HITPOINT WARNING * * *
The endoplasm misses you.
You hit the adder but do no damage. Your grab misses the adder.
The adder is lightly wounded.
You feel sick. The adder misses you. The endoplasm barely misses you.
You slash the adder! You grab the adder.
The adder is almost dead.
You constrict the adder.
You feel sick. The adder misses you. The endoplasm misses you.
The adder bites you.
You die...

...#####'#....<#
#.......)..####
#........#.#
##........#.#
..........#+#+###
.......†........#
................#
................#
.........@J.....#
..$......†S......
.J.....(.#.....#.
.........#.....#
.........##...##
.......... ...#
.)....... #.##
####... ?#


You could see an adder and an endoplasm.

Vanquished Creatures
  An adder (D:2)
  A dart slug (D:1)
  An endoplasm (D:2)
  2 giant cockroaches (D:1)
  A goblin (D:1)
  3 hobgoblins (D:1)
  A quokka (D:1)
  2 ball pythons
  A frilled lizard (D:1)
  5 kobolds (D:1)
  A rat (D:2)
19 creatures vanquished.

Notes
Turn   | Place    | Note
-------+----------+-------------------------------------------
     0 | D:1      | 2FriedEggs the Octopode Berserker began the quest for the
                  | Orb.
     0 | D:1      | Reached XP level 1. HP: 16/16 MP: 1/1
   121 | D:1      | Reached XP level 2. HP: 21/21 MP: 2/2
   662 | D:1      | Found a faded altar of an unknown god.
   745 | D:2      | Reached XP level 3. HP: 9/26 MP: 3/3
   747 | D:2      | Slain by an adder

Illustrated notes

Levels and vault maps discovered:
D:1:      scummos_arrival_simple_crosswalls, layout_basic, serial_corexii_hall,
          corexii_hall_statues_x, corexii_hall_statues_i,
          chequers_hall_statues_wall_a, shapermc_ecumenical_altar_mp_vishouse
D:2:      layout_basic, basic_altar, nrook_mini_backslash, minmay_unequal

Action                     || total
---------------------------++-------
  Melee: Falchion          ||    38
         Constrict         ||    10
         Tentacles         ||     7
   Stab: Sleeping          ||     6
 Armour: Skin              ||     1
  Dodge: Dodged            ||    30

Table legend: (Time is in decaauts)
 A = Elapsed time spent in this place.
 B = Non-inter-level travel time spent in this place.
 C = Inter-level travel time spent in this place.
 D = Time resting spent in this place.
 E = Time spent auto-exploring this place.
 F = Levels seen in this place.
 G = Mean time per level.
                   A        B        C        D        E       F      G
               +--------+--------+--------+--------+--------+-----+--------+
         Total |    751 |    704 |     47 |      0 |    574 |   2 |  375.5 |
       Dungeon |    751 |    704 |     47 |      0 |    574 |   2 |  375.5 |
               +--------+--------+--------+--------+--------+-----+--------+

Top non-repeatable levels by time:
     D:1: 716 daAuts
     D:2: 35 daAuts
